 Dungeon Crawl Stone Soup version 0.31-a0-981-geadf994542 (webtiles) character file.

Game seed: 5410666288328026279

4 sircluck the Ruffian (level 1, 0/22 HPs)
             Began as a Troll Berserker on Nov 1, 2023.
             Was a Follower of Trog.
             Killed from afar by Sigmund (7 damage)
             ... with a puff of flame
             ... on level 2 of the Dungeon.
             The game lasted 00:00:38 (249 turns).

sircluck the Ruffian (Troll Berserker)               Turns: 249, Time: 00:00:39

Health: 0/22       AC:  4    Str: 24    XL:     1   Next: 58%
Magic:  0/0        EV: 10    Int:  3    God:    Trog [*.....]
Gold:   15         SH:  0    Dex:  9    Spells: 0/0 levels left

rFire   . .          .
                       - Unarmed
rCold   . . .        (no shield)
rNeg    . . .        a - +0 animal skin
rPois   .            (helmet restricted)
rElec   .            (no cloak)
rCorr   .            (gloves unavailable)
SInv    .            (boots unavailable)
Will    .....        (no amulet)
Stlth   +            (no ring)
HPRegen 1.03/turn    (no ring)
MPRegen 0.07/turn

%: no passive effects
@: no status effects
A: large, unfitting armour, claws 3, regeneration 1, shaggy fur 1, tough skin 1
a: Renounce Religion, Berserk


You were on level 2 of the Dungeon.
You worshipped Trog.
Trog was aware of your devotion.
You visited 1 branch of the dungeon, and saw 3 of its levels.

You collected 15 gold pieces.

Inventory:

Armour
 a - a +0 animal skin (worn)
Jewellery
 b - a ring of poison resistance
Potions
 c - 2 potions of lignification {unknown}


   Skills:
 + Level 2.5 Fighting
 + Level 2.5 Dodging
 + Level 3.1 Unarmed Combat


You couldn't memorise any spells.
You didn't know any spells.
Your spell library was empty.

Dungeon Overview and Level Annotations

Branches:
Dungeon (3/15)

Altars:

Annotations:
D:2 Sigmund


Innate Abilities, Weirdness & Mutations

You are too large for most types of armour.
You have claws for hands.
Your natural rate of healing is unusually fast.
You are covered in fur. (AC +1)
You have tough skin. (AC +1)


Message History

No target in view!
No target in view!
No target in view!
No target in view!
Found a sling.
No target in view!
No target in view!
You open the door.
There is an open door here.
You now have 15 gold pieces (gained 3).
Sigmund the Dreaded comes into view.
He is wielding a +0 scythe.
Sigmund shouts!
Sigmund mumbles some strange words.
Sigmund flickers and vanishes!
Deactivating autopickup; reactivate with Ctrl-A.
No target in view!
There is a strange disturbance nearby!
No target in view!
There is a strange disturbance nearby!
No target in view!
There is a strange disturbance nearby!
No target in view!
A magic dart appears from out of thin air!
The magic dart hits you.
You hear some strange, mumbled words.
You are confused.
Something hits you but does no damage.
You bump into the rock wall.
Something hits you.
You claw something! Something hits you!
You bump into the rock wall.
You bump into the rock wall.
Something hits you.
You feel less confused. Something hits you.
* * * LOW HITPOINT WARNING * * *
Something hits you.
* * * LOW HITPOINT WARNING * * *
A puff of flame appears from out of thin air!
The puff of flame hits you!
You die...

###.#.#.....##..
#.............
#.###...##### .#
#.....#.# #.. ...
#.##..#.# #.#
....##.....#.#
#.#
#.........#.###.#
...#......{.....#
. #..@####.#####
......#(# #.#
#####.#.. ..# .
#.###### ## #.#
..# ###


There were no monsters in sight!

Vanquished Creatures
  A worm (D:3)
  A ball python (D:2)
2 creatures vanquished.

Notes
Turn   | Place    | Note
-------+----------+-------------------------------------------
     0 | D:1      | sircluck the Troll Berserker began the quest for the Orb.
     0 | D:1      | Reached XP level 1. HP: 22/22 MP: 0/0
   233 | D:2      | Noticed Sigmund
   249 | D:2      | Killed from afar by Sigmund

Illustrated notes

Levels and vault maps discovered:
D:1:      dpeg_arrival_tiny_a, layout_rooms, serial_corexii_hall,
          chequers_hall_statues_corner_a, corexii_hall_statues_i,
          dreamdust_ecumenical_altar_grove
D:2:      minmay_spotlight, layout_basic, uniq_sigmund
D:3:      layout_basic, kennysheep_cross_bottleneck, minmay_quadrilaterals

Action                     || total
---------------------------++-------
  Melee: Unarmed           ||     5
 Armour: Animal skin       ||     9
  Dodge: Dodged            ||     2

Table legend: (Time is in decaauts)
 A = Elapsed time spent in this place.
 B = Non-inter-level travel time spent in this place.
 C = Inter-level travel time spent in this place.
 D = Time resting spent in this place.
 E = Time spent auto-exploring this place.
 F = Levels seen in this place.
 G = Mean time per level.
                   A        B        C        D        E       F      G
               +--------+--------+--------+--------+--------+-----+--------+
         Total |    247 |    247 |      0 |      0 |     48 |   3 |   82.3 |
       Dungeon |    247 |    247 |      0 |      0 |     48 |   3 |   82.3 |
               +--------+--------+--------+--------+--------+-----+--------+

Top non-repeatable levels by time:
     D:3: 167 daAuts
     D:2: 78 daAuts
     D:1: 2 daAuts
